AoeStats
← crtolino93

Arena

504211666Analyzed
4v4 RM · 29d ago on Sep 4, 2026· 55m 46s· 8 players
Game mode
Random Map
Map size
Large (8 player)
Population
200
Speed
Normal
Resources
Standard
Victory
Conquest
Starting age
Dark Age
Ending age
Imperial Age
RankedLock teamsTeams togetherTeam positionsShared explorationLock speedFull tech treeHidden civsTurbo modeCheats
Victory
Defeat
🇹🇼 Franks · Taiwan
1162
+15
🇹🇼 Lithuanians · Taiwan
1157
+15
🇸🇮 Bengalis · Slovenia
1150
+15
🇵🇪 Aztecs · Peru
1118
+18
🇮🇹 Franks · Italy
1172
-17
🇮🇹 Vietnamese · Italy
1159
-17
🇮🇹 Italians · Italy
1128
-15
🇮🇹 Spanish · Italy
1098
-14
braysonyt
0:27 Loom
13:04 Feudal Age
18:02 Castle Age
16:13 Horse Collar
17:54 Double-Bit Axe
21:06 Heavy Plow
25:33 Gold Mining
30:55 Imperial Age
28:11 Town Watch
29:15 Scale Mail Armor
29:16 Pikeman
30:47 Gold Shaft Mining
30:59 Chain Mail Armor
31:01 Gambesons
31:17 Squires
33:11 Plate Mail Armor
33:34 Forging
35:16 Iron Casting
34:47 Eagle Warrior
36:57 Blast Furnace
41:33 Crop Rotation
41:19 Bow Saw
42:08 Town Patrol
42:40 Garland Wars
43:20 Elite Eagle Warrior
44:40 Arson
46:08 Town Patrol
46:44 Wheelbarrow
46:09 Capped Ram
47:39 Man-at-Arms
48:53 Siege Ram
49:15 Long Swordsman
50:15 Two-Handed Swordsman
51:01 Champion
54:31 Conscription
53:41 Sappers
54:12 Atlatl
54:08 Fletching
54:18 Padded Archer Armor
54:49 Coinage
54:20 Caravan
54:38 Hand Cart
曉劍禍
11:36 Feudal Age
15:38 Castle Age
14:07 Double-Bit Axe
15:44 Gold Mining
16:10 Forging
17:10 Scale Mail Armor
20:34 Iron Casting
20:17 Loom
22:43 Gold Shaft Mining
22:30 Chain Mail Armor
22:28 Arson
26:36 Bow Saw
28:31 Wheelbarrow
33:11 Imperial Age
31:13 Squires
32:15 Gold Shaft Mining
33:44 #83
35:02 Blast Furnace
37:00 Conscription
38:26 Plate Mail Armor
41:22 Hand Cart
41:12 Elite Throwing Axeman
42:14 Pikeman
45:14 Halberdier
48:18 Herbal Medicine
54:12 Spies/Treason
crtolino93
2:30 Loom
10:39 Feudal Age
11:52 Double-Bit Axe
13:08 Horse Collar
17:51 Castle Age
16:22 Fletching
16:34 Padded Archer Armor
19:12 Bodkin Arrow
21:30 Town Watch
24:54 Ballistics
26:23 Bow Saw
29:33 Wheelbarrow
29:51 Gold Mining
29:53 Stone Mining
30:11 Heavy Plow
30:35 Leather Archer Armor
30:58 Hand Cart
32:01 Masonry
33:02 Gold Shaft Mining
36:29 Imperial Age
34:05 Scale Mail Armor
36:42 Elite Elephant Archer
37:48 Conscription
37:37 Elite Skirmisher
39:56 Chemistry
39:27 Architecture
39:01 Bracer
39:31 Ring Archer Armor
39:47 Scale Barding Armor
39:53 Forging
40:18 Paiks
40:28 Bloodlines
39:39 Light Cavalry
40:21 Husbandry
40:40 Siege Elephant
42:19 Chain Barding Armor
43:10 Crop Rotation
43:43 Two-Man Saw
43:31 Iron Casting
44:57 Plate Barding Armor
47:58 Blast Furnace
47:17 Pikeman
47:57 Squires
47:20 Man-at-Arms
47:46 Gambesons
47:46 Arson
52:03 Long Swordsman
53:03 Chain Mail Armor
52:48 Elite Ratha (Ranged)
54:00 Two-Handed Swordsman
54:48 Champion
arthur810416
10:38 Feudal Age
15:14 Castle Age
13:20 Double-Bit Axe
14:07 Horse Collar
14:53 Gold Mining
16:51 Bow Saw
17:30 Heavy Plow
18:08 Fervor
24:52 Wheelbarrow
24:10 Stone Mining
24:43 Heavy Plow
25:33 Town Watch
29:17 Imperial Age
27:46 Fletching
29:43 Stone Shaft Mining
29:41 Hand Cart
29:12 Loom
29:12 Town Watch
30:29 Conscription
31:53 Chemistry
30:43 Elite Skirmisher
32:15 Bodkin Arrow
32:26 Scale Barding Armor
33:51 Elite Leitis
34:46 Bloodlines
34:37 Husbandry
34:19 Pikeman
35:26 Forging
37:23 Tower Shields
36:48 Halberdier
37:30 Squires
38:50 Chain Barding Armor
39:06 Iron Casting
42:59 Plate Barding Armor
43:05 Hoardings
44:06 Caravan
47:34 Two-Man Saw
47:09 Crop Rotation
47:39 Masonry
47:26 Murder Holes
47:53 Ballistics
47:14 Treadmill Crane
49:42 Light Cavalry
50:37 Thumb Ring
50:38 Bracer
50:39 Padded Archer Armor
50:41 Scale Mail Armor
53:57 Town Patrol
54:14 Leather Archer Armor
54:15 Chain Mail Armor
54:36 Coinage
54:19 Guilds
Zero aspettative
12:02 Feudal Age
13:27 Double-Bit Axe
16:17 Castle Age
14:26 Horse Collar
17:56 Scale Mail Armor
18:07 Forging
18:01 Squires
17:47 Arson
24:47 Wheelbarrow
24:36 Bow Saw
26:35 Hand Cart
26:35 Heavy Plow
29:15 Fletching
29:25 Gold Mining
32:25 Imperial Age
30:15 Bodkin Arrow
31:46 Ballistics
31:32 Padded Archer Armor
31:28 Stone Mining
33:00 Leather Archer Armor
33:18 Bracer
34:20 Ring Archer Armor
34:03 Elite Skirmisher
34:44 Imperial Skirmisher
36:23 Thumb Ring
38:00 Chemistry
38:19 Iron Casting
38:00 Chain Mail Armor
40:33 Plate Mail Armor
40:30 Siege Engineers
40:19 Pikeman
40:52 Halberdier
45:32 Two-Man Saw
45:04 Crop Rotation
Maverick
10:30 Feudal Age
14:33 Castle Age
13:12 Double-Bit Axe
24:39 Forging
25:48 Scale Barding Armor
27:29 Iron Casting
31:53 Imperial Age
30:54 Wheelbarrow
30:54 Chain Barding Armor
30:55 Husbandry
32:27 Bow Saw
32:09 Gold Mining
32:10 Stone Mining
33:49 Plate Barding Armor
33:41 Cavalier
35:20 Paladin
37:49 Blast Furnace
38:12 Scale Mail Armor
46:18 Chemistry
45:48 Fletching
46:11 Elite Skirmisher
47:30 Bodkin Arrow
47:56 Padded Archer Armor
49:09 Leather Archer Armor
49:45 Imperial Skirmisher
UccEllOAvApOrE
10:44 Feudal Age
14:31 Castle Age
13:27 Loom
13:42 Double-Bit Axe
14:08 Gold Mining
18:06 Bow Saw
18:58 Fletching
29:20 Imperial Age
28:00 Horse Collar
28:31 Padded Archer Armor
29:42 Ballistics
34:32 Chemistry
34:56 Conscription
37:15 Leather Archer Armor
36:55 Bodkin Arrow
39:26 Ring Archer Armor
39:20 Heavy Plow
40:21 Two-Man Saw
39:55 Stone Mining
44:18 Pirotechnia
47:36 Wheelbarrow
49:12 Elite Skirmisher
50:26 Hand Cart
Io Boommo
11:03 Feudal Age
13:01 Loom
16:07 Castle Age
14:30 Double-Bit Axe
17:16 Padded Archer Armor
17:06 Fletching
18:39 Wheelbarrow
18:50 Leather Archer Armor
18:43 Horse Collar
19:11 Town Watch
21:22 Scale Barding Armor
22:57 Elite Skirmisher
24:25 Gold Mining
26:34 Ballistics
31:15 Imperial Age
30:07 Bodkin Arrow
30:43 Bow Saw
30:35 Heavy Plow
32:02 Hand Cart
33:32 Scale Mail Armor
33:42 Forging
33:43 Pikeman
34:23 Squires
35:54 Forging
43:07 Chain Mail Armor
44:01 Fortified Wall
45:45 Plate Mail Armor
46:00 Iron Casting
Connection lost

Rejoining the realm…

Still unreachable

The connection could not be restored.

Session expired

The server has moved on; the page needs a fresh start.